← All builds
Suicide front / Armada / Factory first / OBSERVED BUILD

Standard suicide front

Armada Suicide front build order · Supreme Isthmus

The role's baseline: Bot Lab at 0:21 then straight into reclaim-fed T1 bot production to contest the middle and hold until T2 arrives, with an Advanced Metal Extractor around 9:45.

#rush · 2010 distinct matches · 229 players · 72% of Armada Suicide front games · team won 59% of 2383 · Recently observed

HOW TO PLAY IT

Key timing: Bot Lab by 0:20

  1. Open with mex and lab-first to get Bot Lab up by 0:20.
  2. Expand mex and wind while lab pumps units toward middle.
  3. Push Sentry and early Rocketeer, Centurion to contest middle.
  4. Get T2 constructor out once Pond's boost lets you spare metal.
  5. Upgrade mex to Advanced Metal Extractor as you transition off T1 spam.

Phase by phase

TYPICAL OF ITS 2010 GAMES
  1. 1
  2. 2
  3. 3
PLAY THE OPENING

Follow the example game's first 6:00 step by step: what to build now, what comes next, and where it goes. At 1× it keeps pace with your own game.

  1. 1

    Bot Lab first

    Order
    1. Bot LabBot Lab done ~0:21, middle half 0:20–0:33

    Some games also: mex (44%)

  2. 2

    Bot Lab to 5:00

    Economy
    • Metal Extractor5Mex
    • Wind Turbine4Wind
    Builders
    • Construction Bot3 Con bot
    • Lazarus2 Lazarus
    Army
    • Sentry4 Sentry
    • Rocketeer16 Rocketeer
    • Tick2 Tick
    • Centurion1 Centurion
    Other
    • Radar Tower1 Radar Tower

    Some games also: pawn (38%) · con turret (34%)

    By 5:00 in all: 5 mex · 4 wind

    The example game in this phase · 52 steps
    1. Wind
    2. Construction BotCon bot
    3. Wind
    4. Mex ×2
    5. TickTick
    6. Construction BotCon bot
    7. SentrySentry
    8. LazarusLazarus
    9. Mex
    10. Construction BotCon bot
    11. Mex
    12. SentrySentry
    13. Radar TowerRadar Tower
    14. Construction BotCon bot
    15. Wind
    16. RocketeerRocketeer ×2
    17. Wind
    18. RocketeerRocketeer
    19. SentrySentry
    20. RocketeerRocketeer
    21. OverwatchOverwatch
    22. Mex
    23. RocketeerRocketeer
    24. Wind
    25. BeamerBeamer
    26. RocketeerRocketeer
    27. SentrySentry ×2
    28. RocketeerRocketeer
    29. Wind
    30. Mex
    31. RocketeerRocketeer ×2
    32. Wind
    33. RocketeerRocketeer
    34. TickTick ×2
    35. RocketeerRocketeer
    36. SentrySentry
    37. Wind
    38. RocketeerRocketeer ×2
    39. Wind
    40. RocketeerRocketeer
    41. Dragon's TeethDragon's Teeth
    42. RocketeerRocketeer
    43. Dragon's TeethDragon's Teeth ×5
    44. Wind
    45. TickTick
    46. RocketeerRocketeer ×2
    47. Wind
    48. Mex
    49. RocketeerRocketeer
    50. TickTick
    51. RocketeerRocketeer
    52. Wind
  3. 3

    5:00 to 10:00

    Economy
    • Metal Extractor1Mex
    • Wind Turbine15Wind
    Builders
    • Construction Turret2 Con turret
    • Lazarus2 Lazarus
    • Construction Bot1 Con bot
    Army
    • Sentry1 Sentry
    • Rocketeer8 Rocketeer

    Some games also: pawn (49%) · Radar Tower (46%) · tick (45%) · centurion (44%) · energy storage (43%) · eat Bot Lab (31%)

    By 10:00 in all: 6 mex · 21 wind · 1 energy storage · 2 con turret

    The example game in this phase · 51 steps
    1. RocketeerRocketeer
    2. SentrySentry
    3. Construction BotCon bot
    4. Converter
    5. RocketeerRocketeer
    6. Dragon's TeethDragon's Teeth ×2
    7. TickTick
    8. Converter
    9. BeamerBeamer
    10. TickTick
    11. GauntletGauntletnot finished by 15:00
    12. TickTick
    13. LazarusLazarus
    14. Con turret
    15. LazarusLazarus ×2
    16. TickTick
    17. LazarusLazarus
    18. Wind
    19. Mex
    20. Wind
    21. LazarusLazarus
    22. Dragon's TeethDragon's Teeth
    23. Wind
    24. Dragon's TeethDragon's Teeth ×3
    25. Wind
    26. Dragon's TeethDragon's Teeth ×3
    27. Wind
    28. Dragon's TeethDragon's Teeth ×2
    29. Con turret
    30. Wind
    31. Dragon's TeethDragon's Teeth ×4
    32. GauntletGauntlet
    33. Wind ×2
    34. TickTick
    35. Wind
    36. Advanced Metal ExtractorT2 mexdone 13:41 · typical 9:46
    37. TickTick
    38. Mex
    39. LazarusLazarus
    40. Mex ×3
    41. Radar TowerRadar Tower
    42. Mex ×2
    43. TickTick ×2
    44. BeamerBeamer
    45. LazarusLazarus
    46. BeamerBeamer
    47. TickTick
    48. LazarusLazarus
    49. Metal storage
    50. TickTick ×2
    51. LazarusLazarus

Counts are medians over the build's games: half of them build more, half fewer. The example game is _[BOBO]_'s (34 OS, 13/09/2026); pick another.

Team trades

IN AT LEAST 30% OF ITS GAMES

You hand over

Nothing regular.

You get

  • Tidal Generator4 Tidal from Pondfirst at 0:10 · in 68% of games
  • Advanced Construction Bot1 T2 con bot from Geo or Techfirst at 7:41 · in 57% of games

How it plays out

Typical game of this build, running totals by minute

Metal produced

010k20k
0:005:0010:0015:00

metal

Enemy metal destroyed

05k10k
0:005:0010:0015:00

metal

Own metal lost

05k10k
0:005:0010:0015:00

metal

2383 games.

Show as table
ByMetal produced: This buildEnemy metal destroyed: This buildOwn metal lost: This build
1:0023000
2:0088700
3:002009184130
4:003110645501
5:00418513571000
6:00534921831712
7:00653930512597
8:00776039393502
9:00904647004376
10:001041853145163
11:001189458585965
12:001360664076686
13:001540768797437
14:001729875058212
15:001926981098991
WHAT THE NUMBERS SAY

Standard Suicide front play wins a bit over half its games while taking the heaviest own losses of any role by 15:00.

  • + Produces 20142 metal by 15:00, highest of the front roles.
  • + First kill by 2:01 in all games, fastest contest of middle.
  • − Own metal lost hits 9178 by 15:00, more than enemy metal destroyed.
  • − Only 34% Rocketeer share shows army spread thin across many bot types.
THE EXAMPLE YOU ARE READING

_[BOBO]_

33.9 OS · 13/09/2026

Open source match ↗

5 received units · includes a constructor
130 metal received · 3840 energy received

Allied construction assistance is unknown. Timings are observations, not a promise of solo reproducibility.

Typical milestones

Bot Lab0:21Middle 50%: 0:20–0:33 · n=2375
Advanced Metal Extractor9:46Middle 50%: 8:50–10:58 · n=1723

Played most by

_X_262games of this buildPlatinumBlonde188games of this buildXad166games of this buildTrapCaT107games of this buildImmort80games of this build